Unix NetHack Version 5.0.0-0 post-release - last build May  4 2026 22:22:43 (774f63e81ad911689b3a0859ea89b322d5daca8d,branch:main).

Game began 2026-05-08 11:44:01, ended 2026-05-08 12:03:44.

BSL2425737, lawful female dwarven Valkyrie

       -----------         --------------
       |.........|         |............|
       |%.........#        |............|
       |...(.....|#        |............|
       |.........|#        |............|
       |.........|#        |.............###############
       -.-.-------#        --------|-----##      ------#
        # ###########################            |..:@:##
              ### #                #             |.h.F|##
                 ##                              +....|##
                 #                               |....|
                 #                               |..$.|
                 #                               ------
                 #        ---.--
                ##########....<|
                #         |....|
                          .....|
                          |....|
                          ------

BSL2425737 the Skirmisher   St:17 Dx:14 Co:16 In:9 Wi:9 Ch:8  Lawful
Dlvl:3  $:45 HP:0(30) Pw:3(3) AC:6  Xp:3 T:932  Deaf

Latest messages:
 It bites!
 You kill it!
 It bites!
 Really step onto that magic trap? [yn] (n) n
 Really step onto that magic trap? [yn] (n) y
 There is a magic trap here.
 You try to feel what is lying here on the floor.
 You feel here a whistle.
 You feel rankled.
 You hit it.
 It touches you!
 It bites!
 You cannot escape from it!
 It bites!
 It bites!
 You cannot escape from it!
 It misses!
 You cannot escape from it!
 It bites!
 It just misses!
 Are you sure you want to pray? [yn] (n) y
 You begin praying to Tyr.
 It loosens its grip slightly.
 You feel something move nearby.
 You feel something move nearby.
 You feel something move nearby.
 You feel something move nearby.
 You feel something move nearby.
 You finish your prayer.
 You feel that Tyr is well-pleased.
 You cannot escape from it!
 It misses!
 You cannot escape from it!
 It misses!
 It bites!
 You cannot escape from it!
 It bites!
 You miss it.
 You can see again.
 You cannot escape from the lichen!
 The iguana just misses!
 The newt bites!
 You cannot escape from the lichen!
 The newt bites!
 You die...
 Do you want your possessions identified? [ynq] (y) y
 Do you want to see your attributes? [ynq] (y) y
 Do you want an account of creatures vanquished? [ynaq] (y) y
 Do you want to see your conduct and achievements? [ynq] (y) y
 Do you want to see the dungeon overview? [ynq] (y) y

Inventory:
 Coins    ('$')
  $ - 45 gold pieces
 Weapons  (')')
  l - 11 +0 orcish arrows
  m - 6 +0 darts
  b - a +0 dagger (alternate weapon; not wielded)
  a - a +1 dwarvish spear (weapon in right hand)
  o - a +0 lance
 Armor    ('[')
  q - an uncursed +0 orcish helm
  c - an uncursed +3 small shield (being worn)
 Comestibles  ('%')
  d - 2 uncursed food rations
  n - 2 uncursed lembas wafers
  k - 2 uncursed eggs
  f - an uncursed lichen corpse
 Scrolls  ('?')
  e - an uncursed scroll of food detection
  i - an uncursed scroll of scare monster
 Potions  ('!')
  h - an uncursed potion of gain energy
 Wands    ('/')
  r - a wand of create monster (0:12)
 Gems/Stones  ('*')
  j - an uncursed worthless piece of violet glass

BSL2425737 the Valkyrie's attributes:

Background:
 You were a Skirmisher, a level 3 dwarven Valkyrie.
 You were lawful, on a mission for Tyr
 who was opposed by Odin (neutral) and Loki (chaotic).
 You were right-handed.
 You were in the Dungeons of Doom, on level 3.
 You entered the dungeon 932 turns ago.
 You had 78 experience points, 2 more were needed to attain level 4.

Basics:
 You had 0 out of 30 hit points.
 You had all 3 energy points (spell power).
 Your armor class was 6.
 Your wallet contained 45 zorkmids.
 Autopickup was off.

Final Characteristics:
 Your strength was 17 (peak:18/01, limit:18/100).
 Your dexterity was 14 (limit:20).
 Your constitution was 16 (limit:20).
 Your intelligence was 9 (limit:16).
 Your wisdom was 9 (limit:16).
 Your charisma was 8 (limit:16).

Final Status:
 You were deaf.
 You were held by a lichen (south).
 You weren't hungry.
 You were unencumbered.
 You were wielding a spear.
 You had basic skill with spear.

Final Attributes:
 You were devoutly aligned.
 You were cold resistant.
 You had infravision.
 You were stealthy.
 You are dead.

Miscellaneous:
 You didn't encounter any bones levels.
 Total elapsed playing time was 19 minutes and 42 seconds.

Major events:
 Turn
    1: BSL2425737 the lawful dwarven Valkyrie entered the dungeon
  523: attained the rank of Skirmisher (level 3)
  932: killed by a newt

You didn't know any spells.

Skills:
 Fighting Skills
   bare handed combat [Unskilled]
   two weapon combat  [Unskilled]
   riding             [Unskilled]
 Weapon Skills
   dagger             [Basic]
   axe                [Unskilled]
   pick-axe           [Unskilled]
   short sword        [Unskilled]
   broadsword         [Unskilled]
   long sword         [Unskilled]
   two-handed sword   [Unskilled]
   saber              [Unskilled]
   hammer             [Unskilled]
   quarterstaff       [Unskilled]
   polearms           [Unskilled]
   spear              [Basic]
   trident            [Unskilled]
   lance              [Unskilled]
   sling              [Unskilled]
 Spellcasting Skills
   attack spells      [Unskilled]
   escape spells      [Unskilled]

Voluntary challenges:
 Character rerolling was not enabled.
 You were illiterate.
 You never genocided any monsters.
 You never polymorphed an object.
 You never changed form.
 You used no wishes.
Achievement:
 You attained the rank of Skirmisher.

 The Dungeons of Doom: levels 1 to 3
    Level 1:
       A fountain.
    Level 2:
       Some fountains, a sink.
    Level 3: <- You were here.
       Final resting place for
          you, killed by a newt.


Vanquished creatures:
  a little dog
  a large kobold
  a hobgoblin
  2 giant rats
  a red mold
  a gecko
  4 jackals
  2 foxes
  2 kobolds
  2 grid bugs
  a bat
  3 lichens
  a kobold zombie
  2 newts
24 creatures vanquished.

No species were genocided or became extinct.

Game over:
                       ----------
                      /          \
                     /    REST    \
                    /      IN      \
                   /     PEACE      \
                  /                  \
                  |    BSL2425737    |
                  |      45 Au       |
                  | killed by a newt |
                  |                  |
                  |                  |
                  |                  |
                  |       2026       |
                 *|     *  *  *      | *
        _________)/\\_//(\/(/\)/\//\/|_)_______

Farvel BSL2425737 the Valkyrie...

You died in The Dungeons of Doom on dungeon level 3 with 453 points,
and 45 pieces of gold, after 932 moves.
You were level 3 with a maximum of 30 hit points when you died.

